[Event "Team 45 45 League T37"]
[Site "Internet Chess Club"]
[Date "2008.04.27"]
[Round "1"]
[White "Despair"]
[Black "viking99"]
[Result "1-0"]
[WhiteElo "1961"]
[BlackElo "1821"]
[Opening "Benko's opening"]
[ECO "A00"]
[Time "22:01:08"]
[TimeControl "2700+45"]

1. g3 e5 2. Bg2 d5 3. d4 e4 4. c4 c6 5. Nc3 Bb4 6. Bd2 Nf6 7. Nxe4 Bxd2+ 8. Nxd2
Qb6 9. Qb3 Qxd4 10. cxd5 O-O 11. e3 Re8 12. Ne2 Qg4 13. Nf4 Nbd7 14. dxc6 bxc6
15. Nc4 Rb8 16. Qa3 Nb6 17. Nd6 Re7 18. Nxc8 Nxc8 19. Bxc6 g5 20. Nd5 Nxd5 21.
Bxd5 Qf5 22. Rd1 Qe5 23. Qc3 Qxc3+ 24. bxc3 Rc7 25. h4 g4 26. h5 Ne7 27. Rh4
Nxd5 28. Rxg4+ Kf8 29. Rxd5 Rxc3 30. Rgd4 Rb2 31. Rd2 Rc1+ 32. Ke2 Rb6 33. Rd8+
Kg7 34. R8d6 Rxd6 35. Rxd6 Rc2+ 36. Rd2 Rc5 37. g4 Kf6 38. f4 Ke6 39. Kf3 h6 40.
Rd8 Kf6 41. Rd6+ Kg7 42. Ra6 Rc7 43. g5 hxg5 44. fxg5 Re7 45. e4 Kh7 46. Kf4 Kg7
47. h6+ Kg8 48. e5 Kh7 49. Kf5 Rb7 50. Kf6 Rc7 51. Rd6 Rb7 52. e6 fxe6 53. Rd8
{Black resigns} 1-0

[Event "Team 45 45 League T37"]
[Site "Internet Chess Club"]
[Date "2008.04.27"]
[Round "1"]
[White "cityprosecutor"]
[Black "jazzpiano"]
[Result "1/2-1/2"]
[WhiteElo "1768"]
[BlackElo "1825"]
[Opening "Scandinavian defense"]
[ECO "B01"]
[Time "15:08:02"]
[TimeControl "2700+45"]

1. e4 d5 2. exd5 Nf6 3. Bb5+ Bd7 4. Be2 Nxd5 5. d4 e6 6. Nf3 Bd6 7. Ne5 Bc8 8.
c4 Bb4+ 9. Bd2 Bxd2+ 10. Qxd2 Nf6 11. O-O O-O 12. Nc3 Bd7 13. Bf3 Nc6 14. Bxc6
Bxc6 15. Nxc6 bxc6 16. c5 Rb8 17. Rfd1 Qd7 18. Rab1 Rfd8 19. a3 Nd5 20. Ne2 Rb7
21. Qa5 Rdb8 22. b4 Qe7 23. Qa4 Qd7 24. g3 Qe8 25. Rbc1 h6 26. Rc2 Qd7 27. Nc1
Ra8 28. Nb3 Rbb8 29. Na5 Ne7 30. Rcd2 a6 31. Nc4 f6 32. Re1 Re8 33. Qb3 Nd5 34.
Qf3 Re7 35. Rde2 Rae8 36. h4 Kh8 37. Qd3 Qc8 38. Na5 Qa8 39. Nc4 Qc8 40. Nd2 e5
41. dxe5 fxe5 42. Nf3 e4 43. Rxe4 Qf5 44. Rxe7 Qxd3 45. Rxe8+ Kh7 46. Ne5 Qxa3
47. h5 Nf6 48. Rc8 Nxh5 49. Nxc6 Nxg3 50. Ree8 Qc1+ 51. Kg2 Qh1+ 52. Kxg3 Qxc6
53. Rb8 Qg6+ 54. Kf3 Qd3+ 55. Kg2 Qd5+ 56. Kg3 Qb3+ 57. Kg2 Qd5+ {Game drawn by
mutual agreement} 1/2-1/2

[Event "Team 45 45 League T37"]
[Site "Internet Chess Club"]
[Date "2008.04.29"]
[Round "1"]
[White "OldBoy"]
[Black "AlPearson"]
[Result "0-1"]
[WhiteElo "1574"]
[BlackElo "1457"]
[Opening "Alekhine's defense"]
[ECO "B03"]
[Time "13:30:42"]
[TimeControl "2700+45"]

1. e4 Nf6 2. e5 Nd5 3. d4 d6 4. c4 Nb6 5. Nf3 Bg4 6. Bf4 Nc6 7. Nc3 e6 8. Be2
Be7 9. O-O O-O 10. exd6 Bxd6 11. Bxd6 cxd6 12. d5 Ne7 13. Nd4 Bxe2 14. Qxe2 exd5
15. cxd5 Nbxd5 16. Nxd5 Nxd5 17. Qc4 Nb6 18. Qb3 Qf6 19. Rad1 d5 20. Nb5 Rfc8
21. Nxa7 Rxa7 22. Qxb6 Qxb6 {White resigns} 0-1

[Event "Team 45 45 League T37"]
[Site "Internet Chess Club"]
[Date "2008.04.26"]
[Round "1"]
[White "Zyme"]
[Black "Invicta-Knight"]
[Result "0-1"]
[WhiteElo "1408"]
[BlackElo "1479"]
[Opening "Benkö gambit half accepted"]
[ECO "A57"]
[Time "15:06:49"]
[TimeControl "2700+45"]

1. d4 Nf6 2. c4 c5 3. d5 b5 4. cxb5 a6 5. f3 e6 6. dxe6 fxe6 7. e4 axb5 8. Bxb5
Ba6 9. Nc3 Bxb5 10. Nxb5 Qb6 11. Qb3 Be7 12. Be3 O-O 13. Ne2 Nc6 14. O-O Rfb8
15. Nec3 Na7 16. Nxa7 Rxa7 17. Qxb6 Rxb6 18. b3 Kf7 19. Na4 Rc6 20. Rfc1 d6 21.
e5 Nd7 22. exd6 Bxd6 23. b4 Rxa4 24. a3 Ke7 25. Bg5+ Nf6 26. bxc5 Rxc5 27. Rxc5
Bxc5+ 28. Kf1 Rxa3 29. Rc1 Kd6 30. Bf4+ Kc6 31. Ke2 Ra2+ 32. Kd3 Ra3+ 33. Kc4
Ra4+ {White resigns} 0-1

[Event "Team 45 45 League T37"]
[Site "Internet Chess Club"]
[Date "2008.04.28"]
[Round "1"]
[White "Hastings"]
[Black "SCUGrad"]
[Result "1-0"]
[WhiteElo "1338"]
[BlackElo "1382"]
[Opening "Bird's opening"]
[ECO "A02"]
[Time "00:11:16"]
[TimeControl "2700+45"]

1. f4 Nf6 2. Nf3 g6 3. e3 Bg7 4. Be2 d5 5. O-O O-O 6. d3 c5 7. Nbd2 Qb6 8. Rb1
Nc6 9. b3 Ng4 10. Qe1 Nxe3 11. Nc4 Nxc4 12. dxc4 dxc4 13. Bxc4 Bf5 14. Qf2 Nd4
15. Nxd4 Bxd4 16. Be3 Bxc2 17. Bxd4 cxd4 18. Qxc2 Rad8 19. Kh1 Qc5 20. Bxf7+
{Black resigns} 1-0

[Event "Team 45 45 League T37"]
[Site "Internet Chess Club"]
[Date "2008.04.24"]
[Round "1"]
[White "havertown"]
[Black "Gomer"]
[Result "1/2-1/2"]
[WhiteElo "1228"]
[BlackElo "1229"]
[Opening "English opening"]
[ECO "A22"]
[Time "17:41:45"]
[TimeControl "2700+45"]

1. c4 e5 2. Nc3 Nf6 3. e4 Bb4 4. Qb3 Bxc3 5. Qxc3 Nxe4 6. Qxe5+ Qe7 7. Nf3 Qxe5
8. Nxe5 O-O 9. d3 Nd6 10. Bf4 Nc6 11. Be2 Nd4 12. Bd1 f6 13. Nf3 Re8+ 14. Kd2
Nxf3+ 15. Bxf3 Rb8 16. Be3 b6 17. Rae1 Bb7 18. Bxb7 Rxb7 19. Bf4 Rbb8 20. Re3
Rxe3 21. fxe3 Rb7 22. b4 Nf5 23. g4 Nh4 24. Kc3 c5 25. b5 a6 26. bxa6 Ra7 27.
Rb1 Rxa6 28. Rb2 Nf3 29. Bc7 Ne5 30. Bxb6 Nxg4 31. Bxc5 Kf7 32. a3 d6 33. Rb7+
Kg6 34. h3 dxc5 35. hxg4 Rxa3+ 36. Kd2 Ra2+ 37. Kc3 Ra3+ 38. Rb3 Ra1 39. Rb5
Ra3+ 40. Kd2 Ra2+ 41. Ke1 Ra3 42. Rxc5 Rxd3 43. Ke2 Rd7 44. Rd5 Rxd5 45. cxd5
Kf7 46. Kd3 Ke7 47. Ke4 g6 48. Kf4 Kd6 49. e4 h6 50. Kf3 Ke5 51. Kg3 Kd6 {Game
drawn by mutual agreement} 1/2-1/2

[Event "Team 45 45 League T37"]
[Site "Internet Chess Club"]
[Date "2008.04.26"]
[Round "1"]
[White "evsponge1"]
[Black "alaskauk"]
[Result "0-1"]
[WhiteElo "906"]
[BlackElo "1479"]
[Opening "Caro-Kann: advance variation"]
[ECO "B12"]
[Time "13:06:24"]
[TimeControl "2700+45"]

1. e4 c6 2. d4 d5 3. e5 Bf5 4. c4 e6 5. Nc3 Bb4 6. Bd2 Bxc3 7. Bxc3 Bg6 8. Qb3
Qb6 9. Nf3 Qxb3 10. axb3 Nd7 11. cxd5 exd5 12. Be2 Ne7 13. O-O O-O 14. Bb4 Rfe8
15. Rfe1 Bh5 16. h3 Bxf3 17. Bxf3 Nf8 18. Bg4 Ne6 19. f4 Nxd4 20. Bd7 Nc2 21.
Bc5 a6 22. Bxe8 Rxe8 23. g4 Nxa1 24. Rxa1 Ng6 25. Rf1 Nf8 26. h4 Nd7 27. Bd6 f6
28. Re1 fxe5 29. fxe5 Re6 30. Kf2 Nb6 31. Kf3 Nc8 32. Bc7 Re7 33. Bd8 Re8 34.
Bc7 Re7 35. Bb8 Kf7 36. Kf4 Ke6 37. b4 b6 38. g5 Rb7 39. Bd6 Nxd6 40. exd6+ Kxd6
41. Re8 Re7 42. Rd8+ Rd7 43. Rxd7+ Kxd7 44. Ke5 Ke7 45. b3 g6 46. Kd4 Ke6 47.
Kd3 Ke5 48. Ke3 d4+ 49. Kd3 Kd5 50. Kd2 c5 51. bxc5 Kxc5 52. Kc2 b5 53. Kb2 a5
54. Kc2 a4 55. Kb2 Kb4 56. bxa4 bxa4 57. Kc2 a3 58. Kc1 Kc3 59. Kb1 a2+ 60. Ka1
Kc2 61. h5 d3 62. hxg6 hxg6 63. Kxa2 d2 64. Ka3 d1=Q 65. Kb4 Qd4+ 66. Kb5 Kb3
67. Kc6 Kb4 68. Kc7 Kb5 69. Kc8 Qg7 70. Kd8 Qf7 {White resigns} 0-1

[Event "Team 45 45 League T37"]
[Site "Internet Chess Club"]
[Date "2008.04.23"]
[Round "1"]
[White "TomBolini"]
[Black "Gupta"]
[Result "0-1"]
[WhiteElo "1322"]
[BlackElo "1379"]
[Opening "Queen's pawn"]
[ECO "A40"]
[Time "18:26:12"]
[TimeControl "2700+45"]

1. d4 e6 2. Nf3 Nf6 3. Bf4 d5 4. e3 c5 5. c3 cxd4 6. exd4 Nbd7 7. Bd3 g6 8. Nbd2
Bg7 9. h3 O-O 10. Qe2 Nh5 11. Bh2 Nhf6 12. Ne5 Qb6 13. Ndf3 Nxe5 14. Bxe5 Nd7
15. Bxg7 Kxg7 16. Ne5 Nf6 17. O-O Bd7 18. b3 Rfc8 19. g4 Bc6 20. Kh2 Ne4 21. Qf3
f6 22. Nxc6 Qxc6 23. Bxe4 dxe4 24. Qe3 Qc7+ 25. Kg2 f5 26. c4 Qc6 27. f3 exf3+
28. Rxf3 Rd8 29. Qe5+ Kf7 30. g5 Qd7 31. Qf6+ Kg8 32. Re1 Re8 33. Rfe3 Qf7 34.
Rxe6 Qxf6 35. gxf6 Rxe6 36. Rxe6 Kf7 37. Re7+ Kxf6 38. Rxb7 h5 39. h4 g5 40.
hxg5+ Kxg5 41. Rb5 Kf4 42. d5 Rg8+ 43. Kf2 h4 44. Rb7 h3 45. Rh7 Rg2+ 46. Kf1
Kg3 47. Rg7+ Kf3 48. Rxg2 hxg2+ 49. Kg1 Kg3 50. d6 f4 51. d7 f3 52. d8=Q f2#
{White checkmated} 0-1

[Event "Team 45 45 League T37"]
[Site "Internet Chess Club"]
[Date "2008.04.28"]
[Round "1"]
[White "Hunter"]
[Black "malihini"]
[Result "0-1"]
[WhiteElo "1095"]
[BlackElo "1306"]
[Opening "Caro-Kann: classical, 6.h4"]
[ECO "B19"]
[Time "17:06:17"]
[TimeControl "2700+45"]

1. e4 c6 2. d4 d5 3. Nc3 dxe4 4. Nxe4 Bf5 5. Ng3 Bg6 6. h4 h6 7. Nf3 e6 8. h5
Bh7 9. Bd3 Bxd3 10. Qxd3 Nf6 11. Bd2 Nbd7 12. O-O-O Qb6 13. Ne4 Nd5 14. Be3 Nxe3
15. fxe3 Qa5 16. Qb3 Qb4 17. Rd3 O-O-O 18. c4 f5 19. Ned2 Bd6 20. c5 Qxb3 21.
axb3 Bc7 22. b4 Nf6 23. Nc4 Ng4 24. Kc2 {White resigns} 0-1

[Event "Team 45 45 League T37"]
[Site "Internet Chess Club"]
[Date "2008.04.24"]
[Round "1"]
[White "parrot9"]
[Black "AntonioMendonca"]
[Result "1/2-1/2"]
[WhiteElo "1692"]
[BlackElo "1727"]
[Opening "Sicilian: dragon, Yugoslav attack, Rauser variation"]
[ECO "B76"]
[Time "15:47:23"]
[TimeControl "2700+45"]

1. e4 c5 2. Nf3 d6 3. d4 cxd4 4. Nxd4 Nf6 5. Nc3 g6 6. f3 Bg7 7. Be3 O-O 8. Qd2
Nc6 9. O-O-O d5 10. Nb3 dxe4 11. Qxd8 Rxd8 12. Rxd8+ Nxd8 13. Nxe4 Nxe4 14. fxe4
Nc6 15. Bb5 a6 16. Bxc6 bxc6 17. h3 a5 18. Nc5 a4 19. Rd1 h5 20. Rd8+ Kh7 21. a3
e6 22. c3 Bf6 23. Rf8 Kg7 24. Re8 Bb7 25. Rxa8 Bxa8 26. Nxa4 Be7 27. Bd4+ f6 28.
Nc5 e5 29. Be3 Bd6 30. Kc2 f5 31. Kd3 f4 32. Bf2 Kf6 33. b4 g5 34. a4 Bxc5 35.
Bxc5 Bb7 36. a5 g4 37. h4 Ba6+ {Game drawn by mutual agreement} 1/2-1/2

[Event "Team 45 45 League T37"]
[Site "Internet Chess Club"]
[Date "2008.04.28"]
[Round "1"]
[White "lw"]
[Black "Mikey29a"]
[Result "1-0"]
[WhiteElo "1611"]
[BlackElo "1800"]
[Opening "Sicilian: Smith-Morra gambit"]
[ECO "B21"]
[Time "20:39:02"]
[TimeControl "2700+45"]

1. e4 c5 2. d4 cxd4 3. c3 d5 4. Nf3 dxc3 5. Nxc3 dxe4 6. Qxd8+ Kxd8 7. Nxe4 Nf6
8. Neg5 Ke8 9. Ne5 Be6 10. Bb5+ Nbd7 11. Nxe6 fxe6 12. Bg5 Rd8 13. Bxf6 exf6 14.
Bxd7+ Rxd7 15. Nxd7 Kxd7 16. O-O-O+ Kc7 17. Rd3 Be7 18. Re1 e5 19. f4 Bd6 20.
Red1 Rd8 21. fxe5 fxe5 22. h3 e4 23. Rc3+ Kb6 24. Kb1 Bc7 25. Rxd8 Bxd8 26. Re3
Kc5 27. Rxe4 Kd5 28. Re1 Bf6 29. Rd1+ Bd4 30. Kc2 Ke4 31. b3 b5 32. a4 bxa4 33.
bxa4 h5 34. Rb1 Kf4 35. Rb4 Ke3 36. Rb3+ Kf2 37. Kd3 Bb6 38. Rb2+ Kg3 39. Ke4
Bf2 40. Rb7 Kxg2 41. Rxg7+ Kxh3 42. Kf3 Bd4 43. Rg3+ Kh4 44. Rg6 Bb6 45. Kf4
Bc7+ 46. Kf5 Bb6 47. Rh6 Be3 48. Rh7 a5 49. Kg6 Kg4 50. Rxh5 Bd2 51. Rf5 Bc3 52.
Rf1 Bb4 53. Kf7 Bd2 54. Ke6 Bf4 55. Kd5 Kf5 56. Kc6 Ke5 57. Rxf4 Kxf4 58. Kb5
Ke5 59. Kxa5 Kd6 60. Kb6 Kd7 61. Kb7 Kd6 62. a5 Kc5 63. a6 {Black resigns} 1-0

This game is ruled a forfeit win in favor of civilization, 
(no-show by Matterhorn)

[Event "Team 45 45 League T37"]
[Site "Internet Chess Club"]
[Date "2008.04.27"]
[Round "1"]
[White "Rhel"]
[Black "Invicta-Knight"]
[Result "1-0"]
[WhiteElo "1499"]
[BlackElo "1463"]
[Opening "Benkö gambit: fianchetto variation"]
[ECO "A58"]
[Time "14:37:05"]
[TimeControl "2700+45"]

1. d4 Nf6 2. c4 c5 3. d5 b5 4. cxb5 a6 5. bxa6 Bxa6 6. Nc3 d6 7. Nf3 g6 8. g3
Bg7 9. Bg2 O-O 10. O-O Nbd7 11. Re1 Ne8 12. e4 Nc7 13. Bd2 Qb8 14. Rb1 Bd3 15.
Rc1 Qxb2 16. Re3 Ba6 17. Rb1 Qa3 18. Nb5 Qxa2 19. Nxc7 Rab8 20. Reb3 Rxb3 21.
Qxb3 Qxb3 22. Rxb3 Bc4 23. Ra3 Nb6 24. Bf1 Bb2 25. Ra5 Bxf1 26. Kxf1 Nc4 27. Ra8
Rxa8 28. Nxa8 e6 29. Nc7 exd5 30. Nxd5 Nxd2+ 31. Nxd2 Kg7 32. Nc4 {Black
resigns} 1-0

[Event "Team 45 45 League T37"]
[Site "Internet Chess Club"]
[Date "2008.04.27"]
[Round "1"]
[White "GrandPoobah069"]
[Black "b-spot"]
[Result "1/2-1/2"]
[WhiteElo "1663"]
[BlackElo "1770"]
[Opening "French: Winawer, advance, poisoned pawn variation"]
[ECO "C18"]
[Time "18:59:59"]
[TimeControl "2700+45"]

1. e4 e6 2. d4 d5 3. Nc3 Bb4 4. e5 c5 5. a3 Bxc3+ 6. bxc3 Ne7 7. Qg4 O-O 8. Nf3
Nbc6 9. Bg5 Qa5 10. Bd2 f5 11. Qg3 Qa4 12. dxc5 Qxc2 13. Be2 Qe4 14. Qf4 Ng6 15.
Qxe4 fxe4 16. Nd4 Ngxe5 17. f4 exf3 18. Nxf3 Nxf3+ 19. Bxf3 Ne5 20. Be2 Bd7 21.
Rb1 Bc6 22. Be3 Nc4 23. Bc1 Rab8 24. Bg4 Kh8 25. Rf1 e5 26. Rxf8+ Rxf8 27. a4 e4
28. Ke2 Ne5 29. Bh3 Nd3 30. Be3 Nf4+ 31. Bxf4 Rxf4 32. Bc8 Rf7 33. a5 a6 34. Be6
{Game drawn by mutual agreement} 1/2-1/2

[Event "Team 45 45 League T37"]
[Site "Internet Chess Club"]
[Date "2008.04.26"]
[Round "1"]
[White "jazzyrick"]
[Black "C-Jones"]
[Result "0-1"]
[WhiteElo "1523"]
[BlackElo "1625"]
[Opening "Sicilian defense"]
[ECO "B33"]
[Time "14:00:46"]
[TimeControl "2700+45"]

1. e4 c5 2. Nf3 Nc6 3. d4 cxd4 4. Nxd4 Nf6 5. Nc3 a6 6. Bg5 e6 7. f4 Be7 8. Nxc6
dxc6 9. Qxd8+ Bxd8 10. O-O-O O-O 11. Be2 b5 12. Bf3 Bb7 13. Rd3 Bc7 14. Rhd1 Kh8
15. e5 Nd5 16. Ne4 h6 17. Bh4 Nxf4 18. Rd7 Nd5 19. Nd6 Bc8 20. Nxc8 Raxc8 21.
Bg3 Kg8 22. b3 Rfd8 23. Rxd8+ Bxd8 24. c4 Bg5+ 25. Kb2 bxc4 26. bxc4 Rb8+ 27.
Ka1 Ne3 28. Rb1 Nc2# {White checkmated} 0-1

[Event "Team 45 45 League T37"]
[Site "Internet Chess Club"]
[Date "2008.04.26"]
[Round "1"]
[White "chesskix"]
[Black "fibin"]
[Result "0-1"]
[WhiteElo "1588"]
[BlackElo "1541"]
[Opening "Réti accepted"]
[ECO "A09"]
[Time "10:58:17"]
[TimeControl "2700+45"]

1. Nf3 d5 2. c4 dxc4 3. Qa4+ Nc6 4. Qxc4 e6 5. Nc3 Nf6 6. g3 Be7 7. Bg2 Bd7 8.
O-O O-O 9. d4 Na5 10. Qd3 Bc6 11. Bg5 Bxf3 12. Bxf3 Qd7 13. Bf4 a6 14. Rac1 Rfd8
15. Rfd1 Nc6 16. e3 Rac8 17. Ne4 Nb4 18. Qb3 Nxe4 19. Bxe4 c6 20. a3 Nd5 21. Bf3
Nxf4 22. exf4 Bf6 23. Qc2 Qc7 24. Qe4 Qb6 25. b4 Bxd4 26. Rc2 Bxf2+ 27. Rxf2
Rxd1+ 28. Bxd1 Rd8 29. Qe2 Qd4 30. Bc2 Qa1+ 31. Kg2 Qxa3 32. Qh5 g6 33. Qa5 Qxa5
34. bxa5 Rd5 35. Be4 Rxa5 36. Rd2 Kg7 37. Rd7 Rb5 38. h4 a5 39. g4 a4 40. Kf3
Rb3+ 41. Bd3 a3 42. Ke2 a2 43. Bc4 Rb2+ {White resigns} 0-1

[Event "Team 45 45 League T37"]
[Site "Internet Chess Club"]
[Date "2008.04.27"]
[Round "1"]
[White "werty"]
[Black "Pasquino"]
[Result "1-0"]
[WhiteElo "1477"]
[BlackElo "1363"]
[Opening "Queen's pawn game, Chigorin variation"]
[ECO "D02"]
[Time "14:06:04"]
[TimeControl "2700+45"]

1. d4 d5 2. Nf3 Nc6 3. e3 a6 4. Bd3 f5 5. c3 e6 6. Nbd2 Nf6 7. O-O Qd6 8. Re1
Bd7 9. c4 O-O-O 10. c5 Qe7 11. a3 Ne4 12. b4 Nxd2 13. Qxd2 e5 14. dxe5 Nxe5 15.
Nxe5 Qxe5 16. Bb2 Qe6 17. Qe2 Rg8 18. Bd4 g5 19. a4 f4 20. Bxh7 Bg7 21. Bxg8
Bxd4 {Black resigns} 1-0

[Event "Team 45 45 League T37"]
[Site "Internet Chess Club"]
[Date "2008.04.26"]
[Round "1"]
[White "alexcluster"]
[Black "MrShaw"]
[Result "1/2-1/2"]
[WhiteElo "1712"]
[BlackElo "1889"]
[Opening "French: Steinitz, Boleslavsky variation"]
[ECO "C11"]
[Time "12:16:57"]
[TimeControl "2700+45"]

1. e4 e6 2. d4 d5 3. Nc3 Nf6 4. e5 Nfd7 5. f4 c5 6. Nf3 Nc6 7. Be3 Be7 8. Be2
O-O 9. Qd2 Qb6 10. Rb1 f6 11. exf6 Nxf6 12. Na4 Qc7 13. Nxc5 Ng4 14. Nd3 Nxe3
15. Qxe3 b6 16. c3 Bd6 17. Nfe5 Ne7 18. O-O Ba6 19. Rbe1 Nf5 20. Qd2 Be7 21. Nf2
Bb7 22. Bd3 Rab8 23. Nfg4 Nd6 24. Nf2 Nf5 25. Bxf5 Rxf5 26. Nfd3 Bd6 27. Rf3
Rbf8 28. Ref1 Ba6 29. Qe3 Bb5 30. g3 Bxe5 31. fxe5 Qc4 32. Nf4 Qc8 33. R1f2 Qe8
34. Ng2 Qh5 35. Rxf5 Rxf5 36. Rxf5 Qxf5 37. Qe1 Qc2 38. Nf4 Bd7 39. Qf2 Qb1+ 40.
Kg2 Qxa2 {Game drawn by mutual agreement} 1/2-1/2

[Event "Team 45 45 League T37"]
[Site "Internet Chess Club"]
[Date "2008.04.26"]
[Round "1"]
[White "alexcolins"]
[Black "fantanaranja"]
[Result "1-0"]
[WhiteElo "1765"]
[BlackElo "1825"]
[Opening "QGD Slav: 4.e3"]
[ECO "D11"]
[Time "14:03:14"]
[TimeControl "2700+45"]

1. d4 d5 2. Nf3 Nf6 3. e3 c6 4. c4 e6 5. Bd3 Bd6 6. Nbd2 O-O 7. O-O Qc7 8. c5
Be7 9. b4 b6 10. Bb2 Ba6 11. Qc2 Bxd3 12. Qxd3 Nbd7 13. Rac1 {Black disconnected
and forfeits} 1-0

[Event "Team 45 45 League T37"]
[Site "Internet Chess Club"]
[Date "2008.04.27"]
[Round "1"]
[White "calily"]
[Black "b-spot"]
[Result "1-0"]
[WhiteElo "1733"]
[BlackElo "1775"]
[Opening "French: exchange variation"]
[ECO "C01"]
[Time "07:01:11"]
[TimeControl "2700+45"]

1. e4 e6 2. d4 d5 3. exd5 exd5 4. Nf3 Bd6 5. Bd3 Ne7 6. Bg5 Bg4 7. Nbd2 Nbc6 8.
c3 Qd7 9. O-O f6 10. Bh4 O-O-O 11. Qc2 h5 12. h3 Bf5 13. Bg3 Bxg3 14. fxg3 Bxd3
15. Qxd3 Qf5 16. Ne1 Qd7 17. Nc2 Rdf8 18. Ne3 f5 19. Rf2 Rf7 20. Raf1 Rhf8 21.
Nb3 b6 22. a4 Kb7 23. Ra1 a5 24. Qb5 Ka7 25. Nd2 Nc8 26. Qe2 g6 27. Nf3 Re7 28.
Qd2 Rfe8 29. Nc2 Nd6 30. Ng5 Ne4 31. Nxe4 Rxe4 32. Re1 Rxe1+ 33. Nxe1 Qd6 34.
Rf3 Re4 35. Kf2 Qe6 36. Re3 Rxe3 37. Qxe3 Qxe3+ 38. Kxe3 Kb7 39. Nd3 Kc8 40. Kf4
Kd7 41. Kg5 Ne7 42. Ne5+ Ke6 43. Nxg6 Ng8 44. Nf4+ {Black resigns} 1-0

[Event "Team 45 45 League T37"]
[Site "Internet Chess Club"]
[Date "2008.04.27"]
[Round "1"]
[White "mickeys"]
[Black "arriero55"]
[Result "1-0"]
[WhiteElo "1749"]
[BlackElo "1519"]
[Opening "Queen's Indian: 4.Nc3"]
[ECO "E12"]
[Time "13:33:28"]
[TimeControl "2700+45"]

1. d4 Nf6 2. Nf3 e6 3. c4 b6 4. Nc3 Ba6 5. e4 d6 6. Bd3 Be7 7. O-O O-O 8. e5
dxe5 9. dxe5 Nfd7 10. Qc2 g6 11. Rd1 c6 12. Ne4 Qc7 13. Bf4 Rd8 14. Bg3 Nc5 15.
Nf6+ Kg7 16. Be2 Ncd7 17. Qc3 c5 18. Qe3 Qc8 19. Bh4 Nxf6 20. exf6+ Bxf6 21.
Bxf6+ Kxf6 22. Rxd8 {Black resigns} 1-0

[Event "Team 45 45 League T37"]
[Site "Internet Chess Club"]
[Date "2008.04.27"]
[Round "1"]
[White "cer7"]
[Black "miltools"]
[Result "0-1"]
[WhiteElo "1966"]
[BlackElo "1902"]
[Opening "Sicilian: dragon, Yugoslav attack, 7...O-O"]
[ECO "B76"]
[Time "12:26:18"]
[TimeControl "2700+45"]

1. e4 c5 2. Nf3 d6 3. d4 cxd4 4. Nxd4 Nf6 5. Nc3 g6 6. Be3 Bg7 7. f3 O-O 8. Qd2
Nc6 9. Nb3 Be6 10. O-O-O Rc8 11. Bh6 Na5 12. Nd4 Bc4 13. Bxg7 Kxg7 14. Bxc4 Nxc4
15. Qg5 Rc5 16. Qg3 Qb6 17. Nb3 Qb4 18. Rd4 e5 19. a3 Qb6 20. Na4 Qc7 21. Naxc5
exd4 22. Rd1 Nh5 23. Ne6+ fxe6 24. Qg5 e5 25. g4 Nf4 26. Qh4 Rc8 27. Qf2 Ne3 28.
Rd2 Qc4 29. Kb1 Qf1+ 30. Qxf1 Nxf1 31. Rf2 Ne3 32. Na5 b6 33. Nb3 a5 {White
resigns} 0-1

[Event "Team 45 45 League T37"]
[Site "Internet Chess Club"]
[Date "2008.04.27"]
[Round "1"]
[White "Razorbackchess"]
[Black "nodoyuna"]
[Result "0-1"]
[WhiteElo "1679"]
[BlackElo "1825"]
[Opening "QGD: Grau (Sahovic) defense"]
[ECO "D06"]
[Time "15:06:43"]
[TimeControl "2700+45"]

1. d4 d5 2. c4 Bf5 3. cxd5 Bxb1 4. Qa4+ c6 5. Rxb1 Qxd5 6. f3 e5 7. dxe5 Qxe5 8.
Bf4 Qc5 9. a3 Nd7 10. Rd1 Ngf6 11. e4 Be7 12. Qc4 O-O 13. b4 Qxc4 14. Bxc4 Nb6
15. Bb3 Rfd8 16. Rxd8+ Rxd8 17. Ne2 h6 18. O-O Nh5 19. Bc7 Rd7 20. Bxb6 axb6 21.
g4 Rd2 22. Nc1 Nf4 23. Rf2 Nh3+ {White resigns} 0-1

[Event "Team 45 45 League T37"]
[Site "Internet Chess Club"]
[Date "2008.04.24"]
[Round "1"]
[White "lafuga3"]
[Black "rss"]
[Result "1/2-1/2"]
[WhiteElo "1578"]
[BlackElo "1747"]
[Opening "QGD: Tartakower (Makagonov-Bondarevsky) system"]
[ECO "D58"]
[Time "13:36:25"]
[TimeControl "2700+45"]

1. d4 Nf6 2. c4 e6 3. Nc3 d5 4. Bg5 Be7 5. Nf3 h6 6. Bh4 O-O 7. e3 b6 8. Qc2 Bb7
9. Rd1 Nbd7 10. cxd5 Nxd5 11. Bxe7 Qxe7 12. Be2 a6 13. Nxd5 Bxd5 14. a3 c5 15.
O-O Bb7 16. dxc5 Nxc5 17. b4 Ne4 18. Rd4 Nf6 19. Rfd1 Rfd8 20. Qd2 Rxd4 21. Qxd4
b5 22. Ne5 Rc8 23. h3 Rc7 24. Bf3 Bxf3 25. Nxf3 Rd7 26. Qa1 Qd8 27. Rxd7 Qxd7
28. Qd4 Kh7 29. Qxd7 Nxd7 30. Kf1 Kg6 31. Ke2 Nb6 32. Ne5+ Kf6 33. f4 Ke7 34.
Nc6+ Kd6 35. Nb8 Nc4 36. Nxa6 Nxa3 37. Kd3 Nc4 38. Nc5 f6 39. e4 e5 40. f5 Ke7
41. Ne6 Kf7 42. Nc7 Nd6 43. g4 g5 {Game drawn by mutual agreement} 1/2-1/2

[Event "Team 45 45 League T37"]
[Site "Internet Chess Club"]
[Date "2008.04.27"]
[Round "1"]
[White "rubo"]
[Black "Enric666"]
[Result "1-0"]
[WhiteElo "1770"]
[BlackElo "1215"]
[Opening "Bird's opening"]
[ECO "A03"]
[Time "16:05:18"]
[TimeControl "2700+45"]

1. f4 d5 2. b3 Nc6 3. e3 e5 4. Bb5 exf4 5. exf4 Qf6 6. d4 Bd7 7. Bxc6 Bxc6 8.
Nf3 Bd6 9. g3 O-O-O 10. O-O Re8 11. Ne5 Ne7 12. Bb2 Nf5 13. Qd3 Bd7 14. Nd2 Bxe5
15. fxe5 Qg6 16. Rf2 f6 17. Nf3 Nxg3 18. Qxg6 hxg6 19. hxg3 fxe5 20. Nxe5 Bf5
21. c4 Be4 22. Kf1 Rh1+ 23. Ke2 Bd3+ 24. Kxd3 {Black resigns} 1-0

[Event "Team 45 45 League T37"]
[Site "Internet Chess Club"]
[Date "2008.04.27"]
[Round "1"]
[White "primerpaso"]
[Black "Zebbile"]
[Result "0-1"]
[WhiteElo "1746"]
[BlackElo "1999"]
[Opening "English: Caro-Kann defensive system"]
[ECO "D13"]
[Time "18:04:06"]
[TimeControl "2700+45"]

1. c4 c6 2. Nc3 d5 3. cxd5 cxd5 4. d4 Nf6 5. Nf3 Nc6 6. g3 Bf5 7. Bg2 e6 8. O-O
Bd6 9. Nh4 Bg4 10. Be3 O-O 11. Qd2 Rc8 12. Rfc1 Na5 13. b3 Bb4 14. f3 Bh5 15.
Qb2 h6 16. Bf1 Qd7 17. Bd2 Nc6 18. Na4 Qe7 19. Bxb4 Qxb4 20. Rd1 b5 21. a3 Qd6
22. Nc3 b4 23. axb4 Qxb4 24. Ra4 Qb6 25. Kh1 Na5 26. g4 Nc4 27. Rxc4 dxc4 28.
gxh5 cxb3 29. Na4 Qb4 30. Nc5 Rfd8 31. Qxb3 Rxd4 32. Qxb4 Rxb4 33. Nd3 Rxh4 34.
Ra1 Ra8 35. f4 a5 36. Bg2 Ra7 37. Bf3 Nxh5 38. e3 Ng3+ 39. Kg2 Nf5 40. e4 Ne3+
41. Kg3 g5 42. Re1 Nc2 43. Rc1 Nb4 44. Ne5 Rxf4 {White resigns} 0-1

[Event "Team 45 45 League T37"]
[Site "Internet Chess Club"]
[Date "2008.04.27"]
[Round "1"]
[White "Fezzik"]
[Black "tryanything"]
[Result "1-0"]
[WhiteElo "2063"]
[BlackElo "1636"]
[Opening "Réti: King's Indian attack (Barcza system)"]
[ECO "A07"]
[Time "21:28:59"]
[TimeControl "2700+45"]

1. Nf3 d5 2. g3 Nf6 3. Bg2 g6 4. O-O Bg7 5. c4 O-O 6. cxd5 Nxd5 7. Nc3 c6 8. Qb3
e6 9. e4 Nxc3 10. bxc3 Nd7 11. d4 Nb6 12. a4 Nd7 13. Rb1 e5 14. d5 c5 15. a5 b6
16. Bg5 Bf6 17. Be3 Rb8 18. Qa2 Qc7 19. Rfd1 Qd6 20. Bf1 Kh8 21. Nd2 Rd8 22. Nc4
Qf8 23. axb6 axb6 24. Rb5 Bg7 25. Rdb1 Bb7 26. Nxb6 Nxb6 27. Rxb6 Ra8 28. Qc4
Bc8 29. Bxc5 Qe8 30. Be3 Ra4 31. Qd3 f5 32. Bg5 fxe4 33. Qb5 Qxb5 34. Bxb5
{Black resigns} 1-0